 Dungeon Crawl Stone Soup version 0.29-a0-8-g0446c0dae4 (webtiles) character file.

Game seed: 5351311368148151372

73 testman the Skirmisher (level 4, -1/29 HPs)
             Began as a Gargoyle Monk on Jan 27, 2022.
             Was a Priest of Fedhas.
             Slain by a gnoll (9 damage)
             ... on level 3 of the Dungeon.
             The game lasted 00:07:13 (1653 turns).

testman the Skirmisher (Gargoyle Monk)              Turns: 1653, Time: 00:07:13

Health: -1/29      AC:  5    Str: 16    XL:     4   Next: 27%
Magic:  0/5        EV: 10    Int: 11    God:    Fedhas [***...]
Gold:   30         SH:  6    Dex: 12    Spells: 3/3 levels left

rFire   . . .      SeeInvis .   a - +0 mace
rCold   . . .      Faith    .   j - +0 kite shield
rNeg    + . .      Spirit   .   b - +0 robe
rPois   ∞          Reflect  .   (no helmet)
rElec   +          Harm     .   (no cloak)
rCorr   .          Rampage  .   (no gloves)
Will    .....                   (no boots)
Stlth   ++........              (no amulet)
HPRegen 0.09/turn               (no ring)
MPRegen 0.09/turn               (no ring)

@: no status effects
A: sickness immunity, AC +3, negative energy resistance 1, electricity
resistance, torment resistance 1, petrification resistance
a: Renounce Religion, Wall of Briars, Grow Ballistomycete


You were on level 3 of the Dungeon.
You worshipped Fedhas.
Fedhas was most pleased with you.
You visited 1 branch of the dungeon, and saw 3 of its levels.

You collected 30 gold pieces.

Inventory:

Hand Weapons
 a - a +0 mace (weapon)
Missiles
 e - 34 stones (quivered)
 i - 39 arrows
Armour
 b - a +0 robe (worn)
 j - a +0 kite shield (worn)
Scrolls
 f - 3 scrolls of identify {unknown}
 g - a scroll of vulnerability {unknown}
 h - a scroll of fear {unknown}
Potions
 c - a potion of curing {unknown}
 d - a potion of mutation {unknown}


   Skills:
 + Level 4.2 Fighting
 + Level 3.9 Maces & Flails
 - Level 2.4 Dodging
 - Level 2.3 Stealth
 + Level 1.3 Invocations


You had 3 spell levels left.
You didn't know any spells.
Your spell library was empty.

Dungeon Overview and Level Annotations

Branches:
Dungeon (3/15)

Altars:
Fedhas


Innate Abilities, Weirdness & Mutations

You are immune to sickness and miasma.
Your stone body is resilient. (AC +3)
You are immune to poison.
You resist negative energy. (rN+)
You are resistant to electric shocks. (rElec)
You are resistant to unholy torment.
You are immune to petrification.


Message History

You hit the orc but do no damage. You block the orc's attack.
You barely miss the orc. The orc hits you but does no damage.
You block the orc's attack.
You hit the orc.
The orc is heavily wounded.
The orc closely misses you.
You hit the orc.
The orc is heavily wounded.
The orc hits you with a +0 hand axe. You block the orc's attack.
You hit the orc.
You kill the orc!
Fedhas appreciates your contribution to the ecosystem.
The orc completely misses you.
You hit the orc.
The orc is severely wounded.
A gnoll comes into view. It is wielding a +0 halberd.
The orc barely misses you.
The gnoll shouts!
You sock the orc!
You kill the orc!
Fedhas appreciates your contribution to the ecosystem.
You hit the orc.
The orc is moderately wounded.
The orc hits you with a +0 dagger.
* * * LOW HITPOINT WARNING * * *
The orc hits you but does no damage.
You hit the orc.
You kill the orc!
Fedhas appreciates your contribution to the ecosystem.
Items here: ))))) [[[ ††.
Aiming: Grow Ballistomycete (54% risk of failure)
Press: ? - help, Dir - move target, f - gnoll
Aim: a gnoll, wielding a +0 halberd That space is already occupied.
Aiming: Grow Ballistomycete (54% risk of failure)
Press: ? - help, Dir - move target, p - gnoll A ballistomycete grows from the ground.
You block the gnoll's attack. The gnoll hits you with a +0 halberd!
You die...
Fedhas appreciates your contribution to the ecosystem.

...### ##
#...... ..
..^..#
.####.....#
##.#........##
#..#.#........
#..#.#.......#
#.##.#<.......
#..)(@.#.#.###
####gP.......
......#....
..............
#.#.#####.##....
#... ... ... ...
.### # #. .#


You could see a gnoll (ally target) and a friendly ballistomycete (summoned).

Vanquished Creatures
  An adder (D:2)
  2 dart slugs
  5 orcs (D:3)
  A bat (D:1)
  3 endoplasms
  2 giant cockroaches (D:1)
  6 goblins
  3 hobgoblins
  3 jackals (D:2)
  5 kobolds
  2 quokkas
  5 ball pythons
  5 frilled lizards
  7 rats
50 creatures vanquished.

Notes
Turn   | Place    | Note
-------+----------+-------------------------------------------
     0 | D:1      | testman the Gargoyle Monk began the quest for the Orb.
     0 | D:1      | Reached XP level 1. HP: 14/14 MP: 1/1
   230 | D:1      | Reached XP level 2. HP: 19/19 MP: 2/2
   622 | D:1      | Reached XP level 3. HP: 19/24 MP: 3/3
   693 | D:1      | Found a faded altar of an unknown god.
   699 | D:1      | Prayed at the altar of an unknown god.
   699 | D:1      | Became a worshipper of Fedhas Madash
   699 | D:1      | Reached * piety under Fedhas
   699 | D:1      | Reached ** piety under Fedhas
  1078 | D:1      | Reached skill level 4 in Fighting
  1127 | D:2      | Reached *** piety under Fedhas
  1384 | D:2      | Reached skill level 1 in Invocations
  1463 | D:2      | Reached XP level 4. HP: 29/29 MP: 4/4
  1653 | D:3      | Slain by a gnoll

Illustrated notes

Levels and vault maps discovered:
D:1:      eino_arrival_water_star, layout_loops_ring,
          hellmonk_ecumenical_altar_leap_of_faith
D:2:      layout_basic, minmay_misc_feat_four_crosses
D:3:      layout_basic, nicolae_dithmenos_through_a_glass_darkly,
          grunt_temple_overflow_open, cheibrodos_sewer_entry_sluice

Skill      XL: |  1  2  3 |
---------------+----------+-----
Fighting       | 4 |  4.2
Invocations    | 1 |  1.3
Maces & Flails | |  3.9
Dodging        | |  2.4
Stealth        | |  2.3

Action                   |  1- 3 |  4- 6 || total
-------------------------+-------+-------++-------
Melee: Mace              |   117 |    19 ||   136
Throw: Stone             |     1 |     3 ||     4
Invok: Grow Ballistomyce |       |     1 ||     1
 Stab: Distracted        |     1 |       ||     1
       Sleeping          |     3 |       ||     3
Armor: Robe              |    37 |     5 ||    42
Dodge: Dodged            |    79 |     6 ||    85
Block: Kite shield       |    21 |     6 ||    27

Table legend: (Time is in decaauts)
 A = Elapsed time spent in this place.
 B = Non-inter-level travel time spent in this place.
 C = Inter-level travel time spent in this place.
 D = Time resting spent in this place.
 E = Time spent auto-exploring this place.
 F = Levels seen in this place.
 G = Mean time per level.
                   A        B        C        D        E       F      G
               +--------+--------+--------+--------+--------+-----+--------+
         Total |   1700 |   1672 |     28 |    207 |   1058 |   3 |  566.7 |
       Dungeon |   1700 |   1672 |     28 |    207 |   1058 |   3 |  566.7 |
               +--------+--------+--------+--------+--------+-----+--------+

Top non-repeatable levels by time:
     D:1: 1130 daAuts
     D:2: 530 daAuts
     D:3: 39 daAuts
